 Dungeon Crawl Stone Soup version 0.29-a0-275-g389c0b56f3 (webtiles) character file.

Game seed: 8404637051849975929

163 Jinxxian the Digger (level 5, -2/39 HPs)
             Began as a Draconian Earth Elementalist on Mar 12, 2022.
             Slain by an orc warrior
             ... wielding a +0 long sword
              (9 damage)
             ... on level 4 of the Dungeon.
             The game lasted 00:24:02 (3742 turns).

Jinxxian the Digger (Draconian Earth Elementalist)  Turns: 3742, Time: 00:24:03

Health: -2/39      AC:  5    Str: 11    XL:     5   Next: 20%
Magic:  0/9        EV: 12    Int: 17    God:
Gold:   132        SH:  0    Dex: 11    Spells: 3/9 levels left

rFire   x . .      SeeInvis .   j - staff of earth
rCold   + . .      Faith    .   (no shield)
rNeg    . . .      Spirit   +   (body armour unavailable)
rPois   .          Reflect  .   (helmet restricted)
rElec   .          Harm     .   (no cloak)
rCorr   .          Rampage  .   (no gloves)
Will    .....                   (no boots)
Stlth   ++........              l - amulet of guardian spirit
HPRegen 0.13/turn               c - ring of flight
MPRegen 0.11/turn               p - ring of ice

@: flying
A: AC +5, unfitting armour, cold-blooded
a: no special abilities


You were on level 4 of the Dungeon.
You visited 1 branch of the dungeon, and saw 4 of its levels.

You collected 132 gold pieces.

Inventory:

Hand Weapons
 n - a +1 short sword of protection
Missiles
 a - 57 stones
Magical Staves
 j - a staff of earth (weapon)
 r - a staff of fire
 z - a staff of conjuration
Jewellery
 c - a ring of flight (left hand)
 l - an amulet of guardian spirit (around neck)
 p - a ring of ice (right hand)
Wands
 d - a wand of flame (18)
 s - a wand of polymorph (5)
 v - a wand of paralysis (10)
Scrolls
 e - a scroll of vulnerability {unknown}
 f - a scroll of summoning {unknown}
 g - 2 scrolls of identify {unknown}
 q - a scroll of brand weapon {unknown}
 u - a scroll of immolation {unknown}
 w - a scroll of enchant armour {unknown}
 y - a scroll of teleportation {unknown}
 A - a scroll of torment {unknown}
Potions
 b - a potion of magic
 h - 2 potions of lignification {unknown}
 i - a potion of mutation {unknown}
 k - a potion of curing {unknown}
 m - 3 potions of might {unknown}
 o - 2 potions of flight {unknown}
 t - a potion of haste {unknown}
 x - a potion of cancellation {unknown}


   Skills:
 + Level 0.7 Fighting
 + Level 1.1 Staves
 + Level 2.3 Dodging
 + Level 2.2 Stealth
 * Level 2.8 Spellcasting
 * Level 1.1 Conjurations
 * Level 1.9 Transmutations
 * Level 3.9 Earth Magic
 + Level 0.4 Evocations


You had 3 spell levels left.
You knew the following spells:

 Your Spells              Type           Power      Damage    Failure   Level
a - Sandblast             Erth           46%        2d11      3%          1
b - Passwall              Tmut/Erth      15%        N/A       9%          2
c - Stone Arrow           Conj/Erth      32%        3d9       19%         3

Your spell library contained the following spells:

 Spells                   Type           Power      Damage    Failure   Level
 Call Canine Familiar     Summ           2%         N/A       47%         3
 Portal Projectile        Hex/Tloc       4%         N/A       47%         3
 Summon Guardian Golem    Hex/Summ       2%         N/A       47%         3
 Tukima's Dance           Hex            2%         N/A       47%         3
 Petrify                  Tmut/Erth      18%        N/A       47%         4
 Leda's Liquefaction      Hex/Erth       6%         N/A       61%         4
 Passage of Golubria      Tloc           2%         N/A       87%         4
 Yara's Violent Unravell  Hex/Tmut       2%         3d3       98%         5
 Malign Gateway           Summ/Tloc      1%         N/A       100%        7
 Orb of Destruction       Conj           3%         9d5       100%        7
 Spellforged Servitor     Conj/Summ      2%         N/A       100%        7
 Summon Horrible Things   Summ           1%         N/A       100%        8


Dungeon Overview and Level Annotations

Branches:
Dungeon (4/15)
 Temple: D:4-7

Altars:
Xom


Innate Abilities, Weirdness & Mutations

Your plain brown scales are hard. (AC +5)
You cannot fit into any form of body armour.
You are cold-blooded and may be slowed by cold attacks.


Message History

Confirm with . or Enter, or press ? or * to list all spells.
Aiming: Sandblast (safe; 3% risk of failure)
Press: ? - help, Shift-Dir - straight line, f - orc warrior
Aim: an orc warrior, wielding a +0 long sword and wearing a +2 chain mail of fire resistance (78% to hit)
You feel a surge of power!
The blast of sand hits the orc warrior but does no damage.
Casting: Sandblast (safe; 3% risk of failure)
Confirm with . or Enter, or press ? or * to list all spells.
Aiming: Sandblast (safe; 3% risk of failure)
Press: ? - help, Shift-Dir - straight line, f/p - orc warrior
Aim: an orc warrior, wielding a +0 long sword and wearing a +2 chain mail of fire resistance (78% to hit)
You feel a surge of power!
The blast of sand hits the orc warrior but does no damage.
Casting: Sandblast (safe; 3% risk of failure)
Confirm with . or Enter, or press ? or * to list all spells.
Aiming: Sandblast (safe; 3% risk of failure)
Press: ? - help, Shift-Dir - straight line, f/p - orc warrior
Aim: an orc warrior, wielding a +0 long sword and wearing a +2 chain mail of fire resistance (78% to hit)
You feel a surge of power!
The blast of sand hits the orc warrior.
The orc warrior is lightly wounded.
The orc warrior hits you with a +0 long sword.
Casting: Sandblast (safe; 3% risk of failure)
Confirm with . or Enter, or press ? or * to list all spells.
Aiming: Sandblast (safe; 3% risk of failure)
Press: ? - help, Shift-Dir - straight line, f/p - orc warrior
Aim: an orc warrior, wielding a +0 long sword and wearing a +2 chain mail of fire resistance (lightly wounded, 78% to hit)
You feel a surge of power!
The blast of sand hits the orc warrior but does no damage.
The orc warrior is lightly wounded.
The orc warrior hits you with a +0 long sword.
You barely miss the orc warrior.
The orc warrior is lightly wounded.
The orc warrior hits you with a +0 long sword.
The orc warrior hits you with a +0 long sword!
The orc warrior attacks as you move away!
The orc warrior hits you with a +0 long sword!
* * * LOW HITPOINT WARNING * * *
The orc warrior attacks as you move away!
The orc warrior hits you with a +0 long sword!
You die...

#.#######
#.##### ## #.#..
. .. #.#.######
#####.#.#.#.....
................
.####.##..###...
#....)..'og.
###..####..g
#@.# . #o.# #..#
#.)# #..)...#
....)..#
###.....#
....... #.....[


You could see an orc warrior.

Vanquished Creatures
  A hound (D:4)
  An orc priest (D:4)
  4 adders
  A dart slug (D:1)
  4 orcs
  2 bats
  6 endoplasms
  4 giant cockroaches
  3 goblins
  3 hobgoblins
  4 jackals (D:2)
  2 quokkas (D:3)
  7 ball pythons
  5 frilled lizards
  8 kobolds
  5 rats
60 creatures vanquished.

Notes
Turn   | Place    | Note
-------+----------+-------------------------------------------
     0 | D:1      | Jinxxian the Draconian Earth Elementalist began the quest
                  | for the Orb.
     0 | D:1      | Reached XP level 1. HP: 14/14 MP: 3/3
   284 | D:1      | Reached XP level 2. HP: 19/20 MP: 5/5
   460 | D:1      | Learned a level 2 spell: Passwall
  1538 | D:2      | Reached XP level 3. HP: 26/26 MP: 4/6
  2705 | D:3      | Learned a level 3 spell: Stone Arrow
  2737 | D:3      | Found a shimmering altar of Xom.
  2981 | D:3      | Reached XP level 4. HP: 33/33 MP: 3/7
  3254 | D:3      | Found a faded altar of an unknown god.
  3547 | D:4      | Reached skill level 1 in Staves
  3727 | D:4      | Reached skill level 1 in Conjurations
  3727 | D:4      | Reached XP level 5. HP: 39/39 MP: 7/9
  3731 | D:4      | Noticed an orc warrior
  3742 | D:4      | Slain by an orc warrior

Illustrated notes

Levels and vault maps discovered:
D:1:      minmay_arrival_up_and_down, layout_loops_corners, minmay_pentomino_o4
D:2:      layout_basic
D:3:      layout_rooms, xom_teletrap_fun,
          hellmonk_ecumenical_altar_heavens_door, minmay_misc_feat_four_crosses
D:4:      layout_basic

Skill      XL: |  1  2  3  4 |
---------------+-------------+-----
Dodging        | 2 |  2.3
Stealth        | 2 |  2.2
Staves         | 1 |  1.1
Conjurations   | 1 |  1.1
Fighting       | |  0.7
Spellcasting   | |  2.8
Transmutations | |  1.9
Earth Magic    | |  3.9
Evocations     | |  0.4

Action                   |  1- 3 |  4- 6 || total
-------------------------+-------+-------++-------
Melee: Dagger            |    20 |       ||    20
       Tailslap          |    17 |    10 ||    27
       Unarmed           |     2 |       ||     2
       Staff             |    76 |    55 ||   131
       Punch             |       |     1 ||     1
 Cast: Sandblast         |    22 |    14 ||    36
 Stab: Sleeping          |     3 |     3 ||     6
Armor: Skin              |    30 |    26 ||    56
Dodge: Dodged            |    60 |    42 ||   102

Table legend: (Time is in decaauts)
 A = Elapsed time spent in this place.
 B = Non-inter-level travel time spent in this place.
 C = Inter-level travel time spent in this place.
 D = Time resting spent in this place.
 E = Time spent auto-exploring this place.
 F = Levels seen in this place.
 G = Mean time per level.
                   A        B        C        D        E       F      G
               +--------+--------+--------+--------+--------+-----+--------+
         Total |   3765 |   3764 |      1 |   1320 |   1635 |   4 |  941.2 |
       Dungeon |   3765 |   3764 |      1 |   1320 |   1635 |   4 |  941.2 |
               +--------+--------+--------+--------+--------+-----+--------+

Top non-repeatable levels by time:
     D:2: 1246 daAuts
     D:3: 1149 daAuts
     D:1: 1116 daAuts
     D:4: 253 daAuts
